 Dungeon Crawl Stone Soup version 0.31-a0-233-g139696dc86 (webtiles) character file.

Game seed: 7859758413442477175

64 qw the Shooter (level 4, -4/27 HPs)
             Began as a Gargoyle Hexslinger on July 8, 2023.
             Slain by Ijyb
             ... wielding a +0 spectral club
              (8 damage)
             ... on level 3 of the Dungeon.
             The game lasted 00:00:38 (2101 turns).

qw the Shooter (Gargoyle Hexslinger)                Turns: 2101, Time: 00:00:38

Health: -4/27      AC:  8    Str: 12    XL:     4   Next: 12%
Magic:  5/5        EV: 10    Int: 13    God:
Gold:   160        SH:  0    Dex: 14    Spells: 4/5 levels left

rFire   . . .        Y - +1 sling
rCold   . . .        (no shield)
rNeg    + . .        d - +0 ring mail
rPois   inf          (no helmet)
rElec   +            (no cloak)
rCorr   .            (no gloves)
SInv    .            (no boots)
Will    .....        (no amulet)
Stlth   +            (no ring)
HPRegen 0.24/turn    (no ring)
MPRegen 0.09/turn

%: no passive effects
@: no status effects
A: sickness immunity, AC +3, negative energy resistance 1, electricity
resistance, torment resistance 1, petrification resistance
a: no special abilities


You were on level 3 of the Dungeon.
You visited 1 branch of the dungeon, and saw 3 of its levels.

You collected 160 gold pieces.


Innate Abilities, Weirdness & Mutations

You are immune to sickness and miasma.
Your stone body is resilient. (AC +3)
You are immune to poison.
You resist negative energy. (rN+)
You are resistant to electric shocks. (rElec)
You are resistant to unholy torment.
You are immune to petrification.


   Skills:
 - Level 2.3 Fighting
 + Level 3.7 Ranged Weapons
 - Level 1.5 Dodging
 - Level 1.0 Spellcasting
 - Level 2.6 Hexes


You had 4 spell levels left.
You knew the following spells:

 Your Spells              Type           Power      Damage    Failure   Level
a - Slow                  Hex            28%        N/A       22%         1

Your spell library contained the following spells:

 Spells                   Type           Power      Damage    Failure   Level
 Inner Flame              Hex/Fire       4%         N/A       73%         3
 Portal Projectile        Hex/Tloc       8%         N/A       73%         3
 Cause Fear               Hex            3%         N/A       91%         4

Inventory:

Hand Weapons
 Y - a +1 sling (weapon)
Armour
 c - a +0 cloak
 d - a +0 ring mail (worn)
Scrolls
 b - a scroll of teleportation {unknown}
 e - a scroll of vulnerability {unknown}
Potions
 a - a potion of mutation {unknown}
 f - a potion of might
 i - 3 potions of curing {unknown}
 j - a potion of enlightenment {unknown}

Dungeon Overview and Level Annotations

Branches:
Dungeon (3/15)

Altars:

Annotations:
D:3 3 runed translucent doors, Ijyb; qw's ghost, weakling GrHs


Message History

Ijyb is moderately wounded.
Ijyb zaps a wand.
Your mind is blasted!
A hobgoblin comes into view.
You shoot a sling bullet. The sling bullet barely misses Ijyb.
You shoot a sling bullet.
The sling bullet hits Ijyb but does no damage.
Ijyb is moderately wounded.
A giant cockroach comes into view.
You shoot a sling bullet.
The sling bullet hits Ijyb but does no damage.
Ijyb is moderately wounded.
Ijyb zaps a wand.
Your mind is blasted!
Ijyb drinks a potion.
Ijyb seems to grow stronger.
You shoot a sling bullet.
The sling bullet completely misses Ijyb.
The sling bullet barely misses the hobgoblin.
The sling bullet closely misses the giant cockroach.
Ijyb zaps a wand.
Your mind is blasted!
You shoot a sling bullet. The sling bullet hits Ijyb.
Ijyb is heavily wounded.
Ijyb zaps a wand.
You barely resist. You shoot a sling bullet.
The sling bullet barely misses Ijyb.
The sling bullet hits the hobgoblin.
The hobgoblin is severely wounded.
Ijyb closely misses you.
You shoot a sling bullet. The sling bullet closely misses Ijyb.
The sling bullet hits the hobgoblin.
You kill the hobgoblin!
Ijyb hits you but does no damage.
You shoot a sling bullet.
The sling bullet hits Ijyb but does no damage.
Ijyb is heavily wounded.
Ijyb zaps a wand.
You barely resist.
The giant cockroach waves its antennae.
Ijyb zaps a wand.
Your mind is blasted!
You shoot a sling bullet.
The sling bullet hits Ijyb but does no damage.
Ijyb is heavily wounded.
Ijyb hits you with a +0 spectral club!
You die...

#.# #.# #.# #.# ######
#.# #.# #....# #.# #<#
#....# #.####)# #....#
#.#....# #....###'#'##.#
##########....#........#
.....Bg@................
..########.............#
#####+++####..#
#PW......P#..#
#}.......}#..#
#P.......P#.##
#........$#. #
##8.....8##### ### #...#


You could see Ijyb (strong) and a giant cockroach.

Vanquished Creatures
  An adder (D:2)
  3 worms
  3 dart slugs
  3 bats
  5 endoplasms
  A giant cockroach (D:1)
  4 goblins
  7 hobgoblins
  2 kobolds
  A quokka (D:3)
  2 ball pythons (D:2)
  A frilled lizard (D:1)
  3 rats
36 creatures vanquished.

Notes
Turn   | Place    | Note
-------+----------+-------------------------------------------
     0 | D:1      | qw the Gargoyle Hexslinger began the quest for the Orb.
     0 | D:1      | Reached XP level 1. HP: 12/12 MP: 2/2
     0 | D:1      | 0 ||| qw: Version: 0.3-a-46-gb1f654a
     0 | D:1      | 0 ||| qw: Game counter: 3460
     0 | D:1      | 0 ||| qw: Melee chars always use a shield: true
     0 | D:1      | 0 ||| qw: God list: Okawaru
     0 | D:1      | 0 ||| qw: Allow faded altars: false
     0 | D:1      | 0 ||| qw: Do Orc after clearing Dungeon:15 true
     0 | D:1      | 0 ||| qw: Do second Lair branch before Depths: true
     0 | D:1      | 0 ||| qw: Lair rune preference: random
     0 | D:1      | 0 ||| qw: Goals: Normal
     0 | D:1      | 0 ||| PLANNING D:1-11
   158 | D:1      | Reached XP level 2. HP: 16/16 MP: 3/3
   223 | D:1      | Found a faded altar of an unknown god.
   279 | D:1      | Reached skill level 3 in Ranged Weapons
   586 | D:1      | 586 ||| UPGRADING to +0 ring mail.
   596 | D:1      | 596 ||| DROPPING +0 robe.
   597 | D:1      | 597 ||| READING scroll labelled FARGHA CIONIEW.
   598 | D:1      | 598 ||| READING scroll labelled DOAMOXK FADIUNG.
   599 | D:1      | 599 ||| READING scroll labelled FYDOGR HECUMOPT.
   600 | D:1      | 600 ||| READING scroll labelled LAETWO ZIGOOX.
   701 | D:1      | 701 ||| DROPPING scroll of poison.
  1004 | D:2      | Reached XP level 3. HP: 22/22 MP: 4/4
  1583 | D:2      | 1583 ||| READING scroll labelled QOJEMU VAIDAER.
  1584 | D:2      | 1584 ||| READING scroll labelled CYQAOWELUU.
  1847 | D:3      | Reached XP level 4. HP: 27/27 MP: 5/5
  2070 | D:3      | Found a runed translucent gate.
  2071 | D:3      | Found a runed translucent gate.
  2075 | D:3      | Found a runed translucent gate.
  2077 | D:3      | Noticed qw's ghost (weakling GrHs)
  2077 | D:3      | Noticed qw's ghost (weakling GrHs)
  2089 | D:3      | Noticed Ijyb
  2100 | D:3      | HP: 4/27 [disintegration (6)]
  2101 | D:3      | Slain by Ijyb

Levels and vault maps discovered:
D:1:      lightli_arrival_windingriver, layout_loops_ring,
          hellmonk_ecumenical_altar_heavens_door
D:2:      layout_loops_ring
D:3:      layout_basic, yredelemnul_altar_generic, gammafunk_ghost_cemetery,
          nicolae_goblin_pals

Skill      XL: |  1  2 |
---------------+-------+-----
Ranged Weapons | 3 |  3.7
Fighting       | 2 |  2.3
Dodging        | |  1.5
Spellcasting   | |  1.0
Hexes          | |  2.6

Action                     |  1- 3 |  4- 6 || total
---------------------------+-------+-------++-------
   Fire: Sling             |   121 |    18 ||   139
    Use: Scroll            |     6 |       ||     6
 Armour: Robe              |     8 |       ||     8
         Ring mail         |    15 |     3 ||    18
  Dodge: Dodged            |    39 |     2 ||    41

Table legend:
 A = Non-vault XP
 B = Vault XP
 C = Vault XP percentage of total XP
 D = Non-vault monster count
 E = Vault monster count
 F = Vault count percentage of total count
                 A         B        C        D         E       F
            +---------+---------+-------+---------+---------+-------
      Total |      92 |       0 |   0.0 |      36 |       0 |   0.0
            +---------+---------+-------+---------+---------+-------
        D:1 |      24 |       0 |   0.0 |      11 |       0 |   0.0
        D:2 |      45 |       0 |   0.0 |      15 |       0 |   0.0
        D:3 |      23 |       0 |   0.0 |      10 |       0 |   0.0
            +---------+---------+-------+---------+---------+-------
